 Dungeon Crawl Stone Soup version 0.19.4 (webtiles) character file.

140 Naow the Conjurer (level 5, 0/28 HPs)
             Began as a Deep Elf Conjurer on Feb 1, 2017.
             Succumbed to a killer bee's poison
             ... on level 2 of the Dungeon.
             The game lasted 00:02:30 (2383 turns).

Naow the Conjurer (Deep Elf Conjurer)               Turns: 2383, Time: 00:02:31

Health: 0/28       AC:  2    Str:  5    XL:     5   Next: 2%
Magic:  14/22      EV: 13    Int: 21    God:
Gold:   193        SH:  5    Dex: 15    Spells: 2 memorised, 10 levels left

rFire  . . .     SeeInvis .     (no weapon)
rCold  . . .     Gourm    .     a - +0 robe
rNeg   . . .     Faith    .     (no shield)
rPois  .         Spirit   .     (no helmet)
rElec  .         Reflect  +     (no cloak)
rCorr  .         Harm     .     (no gloves)
MR     .....                    (no boots)
Stlth  ++........               u - +5 amulet of reflection
                                (no ring)
                                d - ring of magical power

@: lethally poisoned (0 -> -8)
A: no striking features
a: no special abilities


You were on level 2 of the Dungeon.
You were not hungry.

You visited 1 branch of the dungeon, and saw 3 of its levels.

You collected 193 gold pieces.

Inventory:

Armour
 a - a +0 robe (worn)
Jewellery
 d - a ring of magical power (left hand)
 u - a +5 amulet of reflection (around neck)
Scrolls
 e - 2 scrolls of amnesia {unknown}
 g - a scroll of remove curse {unknown}
 i - 3 scrolls of fear {unknown}
 j - a scroll of teleportation {unknown}
 k - a scroll of identify {unknown}
 p - a scroll of magic mapping {unknown}
Potions
 f - a potion of haste {unknown}
 n - a potion of mutation {unknown}
 o - a potion of flight {unknown}
 q - 2 potions of magic {unknown}
 t - a potion of resistance {unknown}
 v - a potion of curing {unknown}
Books
 b - a book of Conjurations

   Spells                             Type                      Level
   a - Magic Dart                     Conjuration                  1
   b - Searing Ray                    Conjuration                  2
   c - Dazzling Spray                 Conjuration/Hexes            3
   d - Fulminant Prism                Conjuration/Hexes            4
   e - Iskenderun's Mystic Blast      Conjuration                  4
   f - Iskenderun's Battlesphere      Conjuration/Charms           5
 s - a book of Changes

   Spells                             Type                      Level
   a - Beastly Appendage              Transmutation                1
   b - Sticks to Snakes               Transmutation                2
   c - Spider Form                    Transmutation/Poison         3
   d - Ice Form                       Ice/Transmutation            4
   e - Blade Hands                    Transmutation                5
Comestibles
 c - 3 bread rations
 h - a beef jerky
 l - 6 chunks of flesh
 m - a royal jelly
 r - 2 meat rations


   Skills:
 - Level 2.4 Dodging
 - Level 2.4 Stealth
 + Level 4.5 Spellcasting
 * Level 6.3 Conjurations


You had 10 spell levels left.
You knew the following spells:

 Your Spells              Type           Power        Failure   Level  Hunger
a - Magic Dart            Conj           ####         1%          1    None
b - Searing Ray           Conj           ####..       1%          2    #......


Dungeon Overview and Level Annotations

Branches:
Dungeon (3/15)

Altars:
Gozag
Ru


Message History

The killer bee stings you!
A killer bee comes into view.
The searing ray misses the killer bee.
The searing ray hits the killer bee.
The killer bee is moderately wounded.
The killer bee completely misses you. The killer bee stings you!
An ooze comes into view.
The killer bee barely misses you. The killer bee stings you!
* * * LOW HITPOINT WARNING * * *
You block the killer bee's attack.
There is an escape hatch in the ceiling here.
The killer bee closely misses you. You block the killer bee's attack.
The killer bee closely misses you. The killer bee stings you.
* * * LOW HITPOINT WARNING * * *
The killer bee stings you.
* * * LOW HITPOINT WARNING * * *
You are lethally poisoned!
The killer bee poisons you! The killer bee misses you.
The killer bee buzzes angrily.
A mysterious force pulls you upwards. The hatch slams shut behind you.
You die...

...#(.รทรท...(##........#....#####.
...########.#....................
.>## #...................... .##
####.............####... ##
#..............#......#.
#####..............#.###..#.
#................#...###..##
#.........>..........##...#.
#.........y@......#..##.#...
#.....)...yy......#..##....#
#...<.............#......#.#
#................[...#.#...#
#.........)..........#.#..##
#.......#................###
#####.......................
######.####......>......
#.............(....


You could see 3 killer bees.

Vanquished Creatures
  Ijyb (D:3)
  2 adders (D:2)
  3 gnolls (D:2)
  2 worms (D:2)
  2 dart slugs
  2 orcs (D:3)
  A ball python (D:2)
  3 bats
  3 giant cockroaches
  8 goblins
  6 hobgoblins
  7 jackals
  9 kobolds
  3 frilled lizards (D:1)
  4 rats
56 creatures vanquished.

Notes
Turn   | Place    | Note
-------+----------+-------------------------------------------
     0 | D:1      | Naow the Deep Elf Conjurer began the quest for the Orb.
     0 | D:1      | Reached XP level 1. HP: 10/10 MP: 6/6
   374 | D:1      | Reached XP level 2. HP: 15/15 MP: 0/8
   648 | D:1      | Learned a level 2 spell: Searing Ray
   753 | D:1      | Reached skill level 5 in Conjurations
  1180 | D:2      | Reached XP level 3. HP: 19/19 MP: 8/10
  1576 | D:2      | Reached XP level 4. HP: 9/24 MP: 1/12
  2015 | D:3      | Found a sacrificial altar of Ru.
  2015 | D:3      | Found an opulent altar of Gozag.
  2034 | D:3      | Reached skill level 6 in Conjurations
  2304 | D:3      | Noticed Ijyb
  2311 | D:3      | Killed Ijyb
  2357 | D:3      | Reached XP level 5. HP: 28/28 MP: 13/13
  2382 | D:3      | HP: 1/28 [killer bee (4)]
  2383 | D:2      | Succumbed to a killer bee's poison

Skill      XL: |  1  2  3  4 |
---------------+-------------+-----
Conjurations   | 5 6 |  6.3
Spellcasting   | 4 |  4.5
Dodging        | |  2.4
Stealth        | |  2.4

Action                   |  1- 3 |  4- 6 || total
-------------------------+-------+-------++-------
 Cast: Magic Dart        |    69 |    40 ||   109
       Searing Ray       |     2 |     3 ||     5
  Eat: Chunk             |     2 |     2 ||     4
Dodge: Dodged            |     8 |    10 ||    18
Block: Other             |       |     2 ||     2
